 Dungeon Crawl Stone Soup version 0.30-a0-368-g86fb4627a9 (webtiles) character file.

Game seed: 7414404372160251275

129 qeuew the Shooter (level 5, -1/32 HPs)
             Began as a Tengu Hunter on Nov 20, 2022.
             Slain by an ogre
             ... wielding a +0 giant club
              (22 damage)
             ... on level 3 of the Dungeon.
             The game lasted 00:03:17 (1901 turns).

qeuew the Shooter (Tengu Hunter)                    Turns: 1901, Time: 00:03:18

Health: -1/32      AC:  7    Str: 12    XL:     5   Next: 12%
Magic:  6/6        EV: 15    Int:  7    God:
Gold:   177        SH:  0    Dex: 19    Spells: 4/4 levels left

rFire   . . .      SeeInvis +    a - +0 shortbow
rCold   . . .      Faith    .    (shield currently unavailable)
rNeg    + . .      Spirit   .    c - +1 leather armour
rPois   .          Reflect  .    (helmet restricted)
rElec   .          Harm     .    (no cloak)
rCorr   .          Rampage  .    d - +2 pair of gloves
Will    .....                    (boots unavailable)
Stlth   ++........               (no amulet)
HPRegen 0.25/turn                e - ring of positive energy
MPRegen 0.10/turn                (no ring)

@: flying quickly and evasively, quick
A: beak, talons 3, nimble flight, see invisible, deterioration 1, dopey 1
a: no special abilities


You were on level 3 of the Dungeon.
You visited 1 branch of the dungeon, and saw 3 of its levels.

You collected 177 gold pieces.

Inventory:

Hand Weapons
 a - a +0 shortbow (weapon)
Armour
 c - a +1 leather armour (worn)
 d - a +2 pair of gloves (worn)
Jewellery
 e - a ring of positive energy (left hand)
Scrolls
 f - a scroll of teleportation
 g - a scroll of magic mapping {unknown}
 h - a scroll of identify {unknown}
Potions
 b - a potion of lignification {unknown}


   Skills:
 + Level 3.0 Fighting
 + Level 5.0 Ranged Weapons
 + Level 2.3 Armour
 + Level 3.4 Dodging
 - Level 1.0 Stealth


You had 4 spell levels left.
You didn't know any spells.
Your spell library contained the following spells:

 Spells                   Type           Power      Damage    Failure   Level
 Shock                    Conj/Air       0%         1d3       52%         1
 Gell's Gravitas          Tloc           0%         N/A       87%         3
 Swiftness                Air            0%         N/A       87%         3
 Teleport Other           Tloc           0%         N/A       87%         3
 Airstrike                Air            0%         2d(0-16)  99%         4
 Dispersal                Tloc           0%         N/A       100%        6


Dungeon Overview and Level Annotations

Branches:
Dungeon (3/15)

Altars:
Ashenzari
Hepliaklqana
Makhleb
Nemelex Xobeh


Innate Abilities, Weirdness & Mutations

You have a beak for a mouth.
You have claws for feet.
Your magical nature lets you fly swiftly and evasively.
You have supernaturally acute eyesight. (SInv)
Your body sometimes deteriorates upon taking damage.
You are dopey. (Int -2)


Message History

You shoot an arrow. The arrow hits the goblin!
You kill the goblin!
The ogre hits you with a +0 giant club!!
Ouch! That really hurt!
You are too injured to fight recklessly!
You are too injured to fight recklessly!
Fire: a) +0 shortbow
Press: ? - help, Q - select action Shift-Dir - straight line, f - goblin
Aim: a goblin, wielding a +0 dagger (58% to hit)
You shoot an arrow. The arrow hits the goblin.
The goblin is moderately wounded.
Unknown command.
Fire: a) +0 shortbow
Press: ? - help, Q - select action Shift-Dir - straight line, f/p - goblin
Aim: a goblin, wielding a +0 dagger (moderately wounded, 58% to hit)
You shoot an arrow. The arrow hits the goblin!
You kill the goblin!
Unknown command.
You see here 5 stones.
An ogre is nearby!
Fire: a) +0 shortbow
Press: ? - help, Q - select action Shift-Dir - straight line, f - ogre
Aim: an ogre, wielding a +0 giant club (77% to hit)
You shoot an arrow. The arrow hits the ogre.
The ogre is lightly wounded.
Unknown command.
Fire: a) +0 shortbow
Press: ? - help, Q - select action Shift-Dir - straight line, f/p - ogre
Aim: an ogre, wielding a +0 giant club (lightly wounded, 77% to hit)
You shoot an arrow. The arrow hits the ogre.
The ogre is moderately wounded.
Unknown command.
Fire: a) +0 shortbow
Press: ? - help, Q - select action Shift-Dir - straight line, f/p - ogre
Aim: an ogre, wielding a +0 giant club (moderately wounded, 77% to hit)
You shoot an arrow. The arrow hits the ogre.
The ogre is heavily wounded.
The ogre hits you with a +0 giant club!!
Ouch! That really hurt!
You die...

#######.#..##≈~_#...#.#.#...##.##
#.#...###8#####.#......#.#.
#.###..#### ##..#.######.#. #.#
##...####............#. #.#
##.......###.########.
#.#########.### #.# #.
#.......###.#####.# #.
#######.#.O.#.....# #.
#.##@##.#############
#..[.##..............
#.#####.############# ### ###


You could see an ogre.

Vanquished Creatures
  5 adders
  3 gnolls (D:2)
  2 dart slugs
  An orc (D:3)
  3 bats (D:2)
  4 endoplasms
  2 giant cockroaches (D:1)
  12 goblins
  2 hobgoblins
  3 kobolds
  2 quokkas
  4 ball pythons
  7 frilled lizards
  2 rats
52 creatures vanquished.

Notes
Turn   | Place    | Note
-------+----------+-------------------------------------------
     0 | D:1      | qeuew the Tengu Hunter began the quest for the Orb.
     0 | D:1      | Reached XP level 1. HP: 12/12 MP: 2/2
   199 | D:1      | Reached XP level 2. HP: 17/17 MP: 3/3
   392 | D:1      | Reached skill level 1 in Armour
   830 | D:1      | Gained mutation: Your body sometimes deteriorates upon
                  | taking damage. [potion of mutation]
   830 | D:1      | Gained mutation: You are dopey. (Int -2) [potion of
                  | mutation]
   830 | D:1      | Gained mutation: You have supernaturally acute eyesight.
                  | (SInv) [potion of mutation]
   879 | D:2      | Reached XP level 3. HP: 22/22 MP: 4/4
   962 | D:2      | Reached XP level 4. HP: 27/27 MP: 5/5
  1024 | D:2      | Found a faded altar of an unknown god.
  1308 | D:3      | Reached skill level 5 in Ranged Weapons
  1433 | D:3      | Found a hazy altar of Hepliaklqana.
  1439 | D:3      | Gained mutation: Your magical nature lets you fly swiftly
                  | and evasively. [Tengu growth]
  1439 | D:3      | Reached XP level 5. HP: 30/32 MP: 6/6
  1542 | D:3      | Found a broken altar of Ashenzari.
  1542 | D:3      | Found a sparkling altar of Nemelex Xobeh.
  1543 | D:3      | Found a burning altar of Makhleb.
  1845 | D:3      | Noticed an ogre
  1901 | D:3      | Slain by an ogre

Illustrated notes

Levels and vault maps discovered:
D:1:      minmay_arrival_widening_spiral_narrow, layout_basic, minivault_26
D:2:      layout_rooms, chequers_ecumenical_altar_simple, grunt_ministairs_14
D:3:      layout_basic, mainiacjoe_overflow_small_starburst,
          gammafunk_temple_overflow_claw, serial_glass, glass_columns_b,
          glass_columns_b, minmay_ogre_servants

Skill      XL: |  1  2  3  4 |
---------------+-------------+-----
Armour         | 1 2 |  2.3
Dodging        | 3 |  3.4
Ranged Weapons | 5 |  5.0
Fighting       | 3 |  3.0
Stealth        | |  1.0

Action                   |  1- 3 |  4- 6 || total
-------------------------+-------+-------++-------
 Fire: Shortbow          |    74 |    62 ||   136
  Use: Scroll            |     4 |       ||     4
       Potion            |     2 |     1 ||     3
Armor: Leather armour    |     8 |     4 ||    12
Dodge: Dodged            |    17 |     6 ||    23

Table legend: (Time is in decaauts)
 A = Elapsed time spent in this place.
 B = Non-inter-level travel time spent in this place.
 C = Inter-level travel time spent in this place.
 D = Time resting spent in this place.
 E = Time spent auto-exploring this place.
 F = Levels seen in this place.
 G = Mean time per level.
                   A        B        C        D        E       F      G
               +--------+--------+--------+--------+--------+-----+--------+
         Total |   1900 |   1864 |     36 |      0 |   1544 |   3 |  633.3 |
       Dungeon |   1900 |   1864 |     36 |      0 |   1544 |   3 |  633.3 |
               +--------+--------+--------+--------+--------+-----+--------+

Top non-repeatable levels by time:
     D:1: 859 daAuts
     D:3: 570 daAuts
     D:2: 471 daAuts
